 Dungeon Crawl Stone Soup version 0.27.1-4-g1640c2035a (webtiles) character file.

Game seed: 904974167218299168

102 Stomo444 the Grave Robber (level 4, -2/34 HPs)
             Began as a Vine Stalker Necromancer on Nov 11, 2021.
             Killed by divine providence
             ... invoked by an orc priest
              (10 damage)
             ... on level 3 of the Dungeon.
             The game lasted 00:05:50 (3377 turns).

Stomo444 the Grave Robber (VSNe)                    Turns: 3377, Time: 00:05:50

Health: -2/34      AC: 22    Str: 11    XL:     4   Next: 77%
Magic:  0/8        EV:  2    Int: 15    God:
Gold:   91         SH:  0    Dex: 15    Spells: 4/8 levels left

rFire    . . .     SeeInvis .   c - +0 club
rCold    . . .     Faith    .   (no shield)
rNeg     + + +     Spirit   +   (armour currently unavailable)
rPois    +         Reflect  .   (helmet currently unavailable)
rElec    .         Harm     .   (cloak currently unavailable)
rCorr    .         Rampage  .   (gloves currently unavailable)
Will     .....     NoTele   +   (boots currently unavailable)
Stlth    ++........             (no amulet)
HPRegen  1.11/turn              (no ring)
MPRegen  0.11/turn              (no ring)

@: tree-form (expiring)
A: stationary, stasis, torment immunity, boosted hp, (fangs 2), regeneration 1,
magic shield, (antimagic bite), no potion heal 2
a: no special abilities


You were on level 3 of the Dungeon.
You were a tree.
You visited 1 branch of the dungeon, and saw 3 of its levels.

You collected 91 gold pieces.

Inventory:

Hand Weapons
 c - a +0 club (weapon)
Armour
 a - a +0 robe (melded)
Scrolls
 d - 3 scrolls of identify
Potions
 e - a potion of lignification
 f - 2 potions of haste {unknown}


   Skills:
 - Level 2.4 Fighting
 - Level 2.0 Maces & Flails
 - Level 2.0 Dodging
 - Level 2.4 Stealth
 + Level 2.5 Spellcasting
 - Level 4.0 Necromancy


You had 4 spell levels left.
You knew the following spells:

 Your Spells              Type           Power      Damage    Failure   Level
a - Pain                  Necr           52%        1d6       4%          1
b - Vampiric Draining     Necr           6%         2d6       12%         3

Your spell library contained the following spells:

 Spells                   Type           Power      Damage    Failure   Level
 Animate Skeleton         Necr           26%        N/A       4%          1
 Animate Dead             Necr           6%         N/A       38%         4
 Agony                    Necr           13%        N/A       75%         5


Dungeon Overview and Level Annotations

Branches:
Dungeon (3/15)

Altars:

Annotations:
D:3 Purgy


Innate Abilities, Weirdness & Mutations

You are a tree.
Your roots penetrate the ground, keeping you stationary.
You cannot be teleported.
You are immune to unholy pain and torment.
Your maximum health is greatly increased.
Your equipment is partially melded.
((You have extremely sharp teeth.))
Your natural rate of healing is unusually fast.
When hurt, damage is shared between your health and your magic reserves.
((Your bite disrupts and absorbs the magic of your enemies.))
Potions cannot restore your health.


Message History

You hit the orc.
The orc is lightly wounded.
The orc hits you but does no damage. The orc hits you with a +0 short sword.
You hit the orc.
The orc is severely wounded.
The orc hits you but does no damage. The orc hits you with a +0 short sword.
You closely miss the orc.
The orc is severely wounded.
The orc hits you but does no damage. x2; The orc completely misses you.
You hit the orc.
You kill the orc!
The orc hits you but does no damage.
You closely miss the orc.
The orc priest hits you with a +0 war axe.
The orc hits you but does no damage.
You hit the orc priest.
The orc priest is lightly wounded.
The orc priest hits you but does no damage.
The orc hits you but does no damage.
You hit the orc priest but do no damage.
The orc priest is lightly wounded.
The orc priest hits you but does no damage.
The orc barely misses you.
The orc priest mumbles some strange prayers to Beogh against you.
Beogh smites you!
You closely miss the orc priest.
The orc priest is lightly wounded.
Your transformation is almost over.
The orc hits you with a +0 dagger.
The orc priest hits you with a +0 war axe!
* * * LOW HITPOINT WARNING * * *
The orc hits you but does no damage.
You closely miss the orc priest.
The orc priest is lightly wounded.
The orc priest barely misses you. The orc hits you but does no damage.
You closely miss the orc priest.
The orc priest is lightly wounded.
The orc priest mumbles some strange prayers to Beogh against you.
Beogh smites you!
You die...

**,,,,,****,,,..#....,,*,*,,,,
*8,,,8* *,,*#.....*,,*.**,,*
***_******,,*#....#**,..,*,,*
*******,*,,,,..#.###...,*,,'
**,,,,,,,,,**#.........**,,*
********≈** #.........*,,,,
*≈* #.......o.*,,,,
*≈####.#.##.oo.*****
###≈#♣##o#...,,,..,,,,
#.#≈#oo#o####..,..*,**
##.#≈##.#.####*..#,*,**
##..#≈#....o..##..#,,,**
##..##∩#............*,,,,
##).##*≈#.......#S...#...,
####..## **#.......##......,,
#.....# ######..##.##...,.
#.....# ##.##.##..#..


You could see an orc priest and an orc.

Vanquished Creatures
  5 adders
  A worm (D:2)
  A dart slug (D:2)
  2 orcs (D:3)
  3 ball pythons
  4 bats
  7 endoplasms
  8 goblins
  9 hobgoblins
  3 frilled lizards
  2 kobolds (D:2)
  2 rats
47 creatures vanquished.

Vanquished Creatures (others)
  A plant (D:2)
  5 toadstools (D:1)
6 creatures vanquished.

Grand Total: 53 creatures vanquished

Notes
Turn   | Place    | Note
-------+----------+-------------------------------------------
     0 | D:1      | Stomo444 the Vine Stalker Necromancer began the quest for
                  | the Orb.
     0 | D:1      | Reached XP level 1. HP: 9/9 MP: 4/4
   294 | D:1      | Reached XP level 2. HP: 13/14 MP: 4/6
   548 | D:1      | Reached skill level 1 in Fighting
   651 | D:1      | Found a faded altar of an unknown god.
  1028 | D:1      | Reached skill level 1 in Maces & Flails
  1776 | D:2      | Reached XP level 3. HP: 16/18 MP: 5/7
  2535 | D:2      | Gained mutation: Your natural rate of healing is unusually
                  | fast. [Vine Stalker growth]
  2535 | D:2      | Reached XP level 4. HP: 21/23 MP: 5/8
  2605 | D:2      | Learned a level 3 spell: Vampiric Draining
  3104 | D:3      | Noticed Purgy
  3377 | D:3      | Killed from afar by an orc priest

Illustrated notes

Levels and vault maps discovered:
D:1:      ldierk_walled_garden, layout_basic,
          shapermc_ecumenical_altar_notcrosses
D:2:      layout_rooms, serial_forest, infiniplex_forest_split,
          infiniplex_forest_join, infiniplex_forest_straight_3,
          infiniplex_forest_lined_3, infiniplex_forest_lined_4_way
D:3:      minmay_chambers_of_twos, layout_rooms, nicolae_overflow_hidden_temple,
          chequers_temple_overflow_statue_of_worship, portal_sewer_entry_d,
          uniq_purgy

Skill      XL: |  1  2  3  4 |
---------------+-------------+-----
Fighting       | 1 2 |  2.4
Dodging        | 2 |  2.0
Maces & Flails | 1 2 |  2.0
Stealth        | |  2.4
Spellcasting   | |  2.5
Necromancy     | |  4.0

Action                   |  1- 3 |  4- 6 || total
-------------------------+-------+-------++-------
Melee: Club              |    32 |    28 ||    60
       Bite              |     9 |     4 ||    13
 Cast: Pain              |    60 |    31 ||    91
  Use: Scroll            |     1 |     1 ||     2
       Potion            |       |     1 ||     1
Armor: Robe              |     8 |     4 ||    12
       Skin              |       |    17 ||    17
Dodge: Dodged            |    24 |    11 ||    35
